 Dungeon Crawl Stone Soup version 0.28.0-53-g5a82cb258f (webtiles) character file.

Game seed: 18028756222776698866

6522 JNO the Spear-Bearer (level 10, -8/93 HPs)
             Began as a Minotaur Berserker on Aug 9, 2022.
             Was an Elder of Trog.
             Killed by divine providence
             ... invoked by a meliai
              (11 damage)
             ... on level 9 of the Dungeon on Aug 11, 2022.
             The game lasted 00:51:51 (9921 turns).

JNO the Spear-Bearer (Minotaur Berserker)           Turns: 9921, Time: 00:51:52

Health: -8/93      AC: 15    Str: 26    XL:     10   Next: 69%
Magic:  9/9        EV:  9    Int:  4    God:    Trog [****..]
Gold:   470        SH:  0    Dex: 22    Spells: 9/9 levels left

rFire   . . .      SeeInvis .   o - +0 halberd
rCold   . . .      Faith    .   (shield currently unavailable)
rNeg    . . .      Spirit   .   s - +0 plate armour
rPois   .          Reflect  .   (helmet restricted)
rElec   .          Harm     .   O - +0 cloak
rCorr   .          Rampage  .   (no gloves)
Will    ++...                   (no boots)
Stlth   ..........              J - amulet of regeneration
HPRegen 2.05/turn               A - +6 ring of dexterity
MPRegen 0.11/turn               E - +6 ring of dexterity

@: strong-willed, regenerating, studying Ice Magic
A: horns 2, retaliatory headbutt
a: Renounce Religion, Berserk, Trog's Hand, Brothers in Arms


You were on level 9 of the Dungeon.
You worshipped Trog.
Trog was greatly pleased with you.
You visited 1 branch of the dungeon, and saw 9 of its levels.

You collected 470 gold pieces.

Inventory:

Hand Weapons
 a - a +0 spear
 e - a +1 trident of venom
 m - a +0 hunting sling
 o - a +0 halberd (weapon)
 p - a +0 scythe
 C - a +0 shortbow
 L - a +2 mace of draining
 N - a +3 quarterstaff of chaos
 P - a +4 dagger of chaos
 Q - a +0 scimitar of flaming
Missiles
 b - 89 arrows
 d - 62 bolts
 f - 237 stones (quivered)
 D - 4 throwing nets
Armour
 s - a +0 plate armour (worn)
 O - a +0 cloak (worn)
Jewellery
 r - an amulet of the acrobat
 A - a +6 ring of dexterity (left hand)
 E - a +6 ring of dexterity (right hand)
 J - an amulet of regeneration (around neck)
Wands
 K - a wand of iceblast (7)
 M - a wand of paralysis (6)
Scrolls
 h - 2 scrolls of brand weapon {unknown}
 i - 4 scrolls of fog {unknown}
 k - 4 scrolls of teleportation
 t - 2 scrolls of holy word {unknown}
 v - 2 scrolls of amnesia {unknown}
 y - 3 scrolls of immolation {unknown}
 z - 2 scrolls of vulnerability {unknown}
 B - a scroll of summoning {unknown}
 F - a scroll of torment {unknown}
 H - a scroll of blinking {unknown}
 I - a scroll of acquirement {unknown}
Potions
 c - 3 potions of mutation
 g - a potion of brilliance {unknown}
 j - 4 potions of curing
 l - 2 potions of might
 n - 2 potions of degeneration {unknown}
 q - 2 potions of haste {unknown}
 u - a potion of berserk rage
 w - a potion of lignification {unknown}
 x - a potion of heal wounds {unknown}
 G - 2 potions of flight {unknown}


   Skills:
 + Level 10.1 Fighting
 + Level 13.7 Polearms
 + Level 1.1(1.6) Slings
 + Level 1.6(1.8) Throwing
 + Level 10.0 Armour
 + Level 3.2 Dodging
 + Level 1.0 Stealth
 + Level 0.2 Evocations


You had 9 spell levels left.
You didn't know any spells.
Your spell library contained the following spells:

 Spells                   Type           Power      Damage    Failure   Level
 Freeze                   Ice            0%         1d3       99%         1
 Frozen Ramparts          Ice            0%         1d2       100%        3
 Hailstorm                Conj/Ice       0%         3d3       100%        4


Dungeon Overview and Level Annotations

Branches:
Dungeon (9/15)             Temple (0/1) D:7             Orc (0/2) D:9
   Lair: D:8-11

Altars:
Cheibriados
Hepliaklqana
Okawaru
Xom
Zin

Shops:
D:3 :

Annotations:
D:9 2 runed translucent doors


Innate Abilities, Weirdness & Mutations

You have a pair of horns on your head.
You reflexively headbutt those who attack you in melee.


Message History

The meliai freezes you. The meliai stings you!
You hit the meliai. Your headbutt misses the meliai.
The meliai is moderately wounded.
The meliai hits you with a +1 war axe of freezing!
The meliai freezes you. The meliai barely misses you.
A manticore comes into view.
The meliai hits you with a +1 war axe of freezing!
The meliai freezes you. The meliai stings you.
The meliai mumbles some strange prayers to its god against you.
Something smites you! The meliai hits you but does no damage.
The meliai stings you but does no damage.
The meliai hits you with a +1 war axe of freezing!
The meliai freezes you. The meliai stings you.
The meliai invokes the aid of its god against you.
Something smites you!
* * * LOW HITPOINT WARNING * * *
The meliai invokes the aid of its god against you.
Something smites you!
* * * LOW HITPOINT WARNING * * *
Your skin crawls.
You feel strong-willed.
The meliai hits you with a +1 war axe of freezing.
* * * LOW HITPOINT WARNING * * *
The meliai freezes you.
* * * LOW HITPOINT WARNING * * *
The meliai stings you.
* * * LOW HITPOINT WARNING * * *
The meliai hits you with a +1 war axe of freezing.
* * * LOW HITPOINT WARNING * * *
The meliai freezes you.
* * * LOW HITPOINT WARNING * * *
The meliai stings you but does no damage.
The tengu warrior hits you but does no damage.
The tengu warrior pecks you but does no damage.
The tengu warrior claws you but does no damage.
The orc priest shouts!
The meliai mumbles some strange prayers to its god against you.
Something smites you!
You die...

......#...#.#...#..
...... .#
.....##.#...##.##..
...#....
##....#.......#..
#.. .).
....##....##.##
##...#..#..##..#
#.o.##..#....#.##
...##.# #######.##
o.##..# #..#
..##.###########@#
..
..#R#........H.y#.#
...
.##.##.#[[##..Q##.#
...
.#...####:[#..## .#
#........ ##.#.##
## ######.#
##........ #.#.#.#
##+# .#........
#.....##


#ZCQ .... .....> .......# #Zzo# ...# #.##.. .#.#.#.## CZ## #.. ##.#..# You could
see a skeletal warrior, 2 tengu warriors, a manticore, a cyclops, a meliai and
an orc priest.

Vanquished Creatures
  A rakshasa (D:9)
  Harold (D:7)
  Psyche (D:9)
  An efreet (D:9)
  A hornet (D:8)
  2 trolls
  Sigmund (D:3)
  2 wyverns (D:9)
  An acid dragon (shapeshifter) (D:9)
  2 water moccasins
  4 black bears
  2 sky beasts
  3 orc warriors (D:9)
  2 ice beasts
  A necrophage (D:5)
  An ogre (D:5)
  2 centaurs
  A phantom (D:5)
  Blork the orc (D:5)
  A gnoll sergeant (D:6)
  3 bullfrogs
  A scorpion (D:7)
  A wyvern skeleton (D:6)
  5 killer bees (D:9)
  3 wights (D:7)
  4 howler monkeys
  2 centaur zombies
  A gnoll shaman (D:3)
  A jelly (D:3)
  5 orc priests
  Crazy Yiuf (D:7)
  3 hounds
  A bullfrog skeleton (D:5)
  5 orc wizards
  A killer bee zombie (D:8)
  2 hound skeletons
  A howler monkey zombie (D:8)
  18 gnolls
  7 adders
  2 howler monkey skeletons
  A shadow imp (D:7)
  A white imp (D:6)
  2 ufetubi (D:5)
  3 worms
  6 dart slugs
  40 orcs
  9 ball pythons
  10 endoplasms
  5 giant cockroaches
  16 goblins
  6 hobgoblins
  4 jackals (D:4)
  10 kobolds
  A quokka (D:1)
  4 bats
  A frilled lizard (D:1)
  9 rats
226 creatures vanquished.

Vanquished Creatures (collateral kills)
  A gnoll sergeant (D:8)
  2 gnolls (D:8)
3 creatures vanquished.

Grand Total: 229 creatures vanquished

Notes
Turn   | Place    | Note
-------+----------+-------------------------------------------
     0 | D:1      | JNO the Minotaur Berserker began the quest for the Orb.
     0 | D:1      | Reached XP level 1. HP: 19/19 MP: 0/0
   728 | D:1      | Reached skill level 4 in Polearms
   728 | D:1      | Reached XP level 2. HP: 27/27 MP: 1/1
   745 | D:1      | Found a faded altar of an unknown god.
  1162 | D:1      | Reached XP level 3. HP: 28/33 MP: 2/2
  1672 | D:2      | Found a glowing silver altar of Zin.
  1800 | D:2      | Reached ** piety under Trog
  2055 | D:2      | Reached XP level 4. HP: 25/40 MP: 3/3
  2960 | D:2      | Reached skill level 5 in Polearms
  3074 | D:3      | Reached XP level 5. HP: 42/47 MP: 4/4
  3207 | D:3      | Noticed Sigmund
  3239 | D:3      | Killed Sigmund
  3240 | D:3      | Reached skill level 6 in Polearms
  3240 | D:3      | Reached skill level 1 in Slings
  3240 | D:3      | Reached XP level 6. HP: 55/55 MP: 5/5
  3364 | D:3      | Found Ocetyaw's Book Shoppe.
  3418 | D:3      | Reached skill level 5 in Fighting
  3418 | D:3      | Found a shimmering altar of Xom.
  3718 | D:3      | Reached skill level 1 in Throwing
  4257 | D:3      | Reached skill level 7 in Polearms
  4265 | D:3      | Reached *** piety under Trog
  4395 | D:3      | Reached XP level 7. HP: 54/61 MP: 6/6
  4787 | D:4      | Reached skill level 5 in Armour
  5104 | D:5      | Entered Level 5 of the Dungeon
  5309 | D:5      | Reached skill level 8 in Polearms
  5442 | D:5      | Reached XP level 8. HP: 60/70 MP: 7/7
  5687 | D:5      | Reached skill level 9 in Polearms
  5888 | D:5      | Reached **** piety under Trog
  5891 | D:5      | Noticed Blork the orc
  5900 | D:5      | Killed Blork the orc
  6282 | D:6      | Reached skill level 10 in Polearms
  6868 | D:6      | Found a hazy altar of Hepliaklqana.
  6989 | D:7      | Found a snail-covered altar of Cheibriados.
  7049 | D:7      | Found a flagged portal.
  7097 | D:7      | Reached XP level 9. HP: 75/79 MP: 8/8
  7410 | D:7      | Noticed a troll
  7431 | D:7      | Killed a troll
  7432 | D:7      | Reached skill level 11 in Polearms
  7534 | D:7      | Found a staircase to the Ecumenical Temple.
  7665 | D:7      | Noticed Harold
  7713 | D:7      | Killed Harold
  7714 | D:7      | Reached skill level 12 in Polearms
  8026 | D:7      | Found a runed translucent door.
  8027 | D:7      | Noticed Crazy Yiuf
  8175 | D:7      | Found an iron altar of Okawaru.
  8278 | D:7      | Killed Crazy Yiuf
  8468 | D:8      | Paralysed by a hornet for 3 turns
  8552 | D:8      | Found a glowing silver altar of Zin.
  8749 | D:8      | Reached XP level 10. HP: 83/91 MP: 9/9
  9246 | D:9      | Found a runed translucent door.
  9246 | D:9      | Noticed a skeletal warrior
  9246 | D:9      | Noticed a cyclops
  9247 | D:9      | Found a runed translucent door.
  9247 | D:9      | Noticed a tengu warrior
  9441 | D:9      | Noticed a rakshasa
  9441 | D:9      | Found the +15 Maxwell's patent armour {-Cast -Tele rElec
                  | Will+ rCorr}
  9503 | D:9      | Killed a rakshasa
  9504 | D:9      | Reached skill level 13 in Polearms
  9713 | D:9      | Found a staircase to the Orcish Mines.
  9854 | D:9      | Noticed Psyche
  9857 | D:9      | Reached skill level 10 in Fighting
  9859 | D:9      | Killed Psyche
  9860 | D:9      | Reached skill level 10 in Armour
  9860 | D:9      | Reached skill level 1 in Stealth
  9905 | D:9      | Noticed a two-headed ogre
  9912 | D:9      | Noticed a tengu warrior
  9914 | D:9      | Noticed a manticore
  9920 | D:9      | HP: 3/93 [meliai/+1 war axe of freezing (5)]
  9920 | D:9      | HP: 1/93 [meliai/+1 war axe of freezing (2)]
  9921 | D:9      | Killed from afar by a meliai

Illustrated notes

Levels and vault maps discovered:
D:1:      dpeg_arrival_circle_labyrinth_c, layout_basic, basic_ecumenical_altar,
          hangedman_decor_riveting, minmay_surrounded
D:2:      layout_basic, basic_altar
D:3:      layout_loops_ring, brannock_xom_greatest_gift, serial_shops, shop,
          uniq_sigmund
D:4:      layout_gridville, hangedman_decor_push
D:5:      layout_gridville, uniq_blork_the_orc
D:6:      layout_rooms, marbit_many_paths
D:7:      layout_layer_cave, okawaru_altar_gauntlet_db, kennysheep_slug_shrine,
          minmay_temple_entry_tees, enter_bailey_5, minmay_manual_moon,
          uniq_crazy_yiuf_cottage, uniq_harold
D:8:      layout_basic, general_overflow_altar
D:9:      minmay_the_grid_triangle_9x9_recursive_2
          [minmay_the_grid_triangle_9x9_prize_schism,
          minmay_the_grid_triangle_9x9_zippers_horizontal,
          minmay_the_grid_triangle_9x9_fully_insulated_deathbox,
          minmay_the_grid_triangle_9x9_swiss_cheese], layout_cave_pools,
          orc_0_dummy, special_room [special_room_orc], uniq_psyche

Skill      XL: |  1  2  3  4  5  6  7  8  9 10 |
---------------+-------------------------------+-----
Polearms       | 4 5 6 7 8 10 12 13 | 13.7
Fighting       | 4 5 6 7 9 10 | 10.1
Armour         | 3 4 5 7 8 10 | 10.0
Slings         | 1 |  1.1
Throwing       | 1 |  1.6
Dodging        | 3 |  3.2
Stealth        | 1 |  1.0
Evocations     | |  0.2

Action                   |  1- 3 |  4- 6 |  7- 9 | 10-12 || total
-------------------------+-------+-------+-------+-------++-------
Melee: Spear             |   130 |    52 |       |       ||   182
       Headbutt          |     7 |    12 |    49 |    20 ||    88
       Punch             |     1 |       |       |       ||     1
       Halberd           |       |    93 |   274 |   102 ||   469
 Fire: Hunting sling     |     9 |       |       |       ||     9
Throw: Stone             |     3 |    15 |    14 |       ||    32
Invok: Trog's Hand       |     1 |       |     1 |     2 ||     4
       Berserk           |       |     5 |     6 |     2 ||    13
       Brothers in Arms  |       |       |     1 |     1 ||     2
Evoke: Wand              |       |       |     2 |       ||     2
  Use: Scroll            |       |       |     5 |       ||     5
       Potion            |       |       |     1 |       ||     1
Armor: Chain mail        |    51 |    41 |    84 |     4 ||   180
       Plate armour      |       |       |       |    53 ||    53
Dodge: Dodged            |    38 |    34 |    74 |    50 ||   196
